 Dungeon Crawl Stone Soup version 0.30-a0-760-g5a9884bb7c (webtiles) character file.

Game seed: 18153052703478594633

2035 Crownlay the Arsonist (level 9, -1/69 (70) HPs)
             Began as a Hill Orc Fire Elementalist on Feb 10, 2023.
             Killed from afar by an electric eel (9 damage)
             ... with a bolt of electricity
             ... on level 6 of the Dungeon.
             The game lasted 00:15:55 (7038 turns).

Crownlay the Arsonist (Hill Orc Fire Elementalist)  Turns: 7038, Time: 00:15:55

HP:   -1/69 (70)    AC:  4    Str: 11    XL:     9   Next: 24%
MP:   11/11         EV: 12    Int: 19    God:
Gold: 370           SH:  0    Dex: 11    Spells: 5/11 levels left

rFire   . . .      SeeInvis +    y - +5 battleaxe
rCold   . . .      Faith    .    (shield currently unavailable)
rNeg    . . .      Spirit   .    q - +0 robe {Archmagi}
rPois   +          Reflect  .    r - +0 helmet
rElec   .          Harm     .    k - +0 cloak {rPois}
rCorr   .          Rampage  .    (no gloves)
Will    .....      Archmagi +    (no boots)
Stlth   ++                       (no amulet)
HPRegen 0.31/turn                g - ring of see invisible
MPRegen 0.12/turn                (no ring)

@: lightly drained
A: no striking features
a: no special abilities


You were on level 6 of the Dungeon.
You visited 1 branch of the dungeon, and saw 6 of its levels.

You collected 370 gold pieces.

Inventory:

Hand Weapons
 y - a +5 battleaxe (weapon)
Armour
 k - a +0 cloak of poison resistance (worn)
 q - a +0 robe of the Archmagi (worn)
 r - a +0 helmet (worn)
Magical Staves
 u - a staff of conjuration
Jewellery
 g - a ring of see invisible (left hand)
Wands
 j - a wand of flame (53)
Scrolls
 e - a scroll of blinking
 l - 2 scrolls of amnesia
 n - a scroll of torment
 o - a scroll of magic mapping
 p - a scroll of poison
 s - a scroll of vulnerability
 t - a scroll of teleportation
 w - 2 scrolls of fog
Potions
 a - a potion of mutation {unknown}
 b - a potion of brilliance {unknown}
 d - 3 potions of might
 h - a potion of haste {unknown}
 i - 5 potions of curing
 m - 2 potions of lignification
 v - a potion of heal wounds {unknown}
 x - a potion of magic
 z - a potion of attraction


   Skills:
 + Level 3.4 Fighting
 - Level 1.5 Dodging
 - Level 1.5 Stealth
 - Level 1.5 Spellcasting
 + Level 5.0 Conjurations
 + Level 5.1 Hexes
 + Level 1.4 Necromancy
 - Level 10.0 Fire Magic


You had 5 spell levels left.
You knew the following spells:

 Your Spells              Type           Power      Damage    Failure   Level
a - Foxfire               Conj/Fire      100%       2x1d9     1%          1
b - Scorch                Fire           100%       2d10      1%          2
c - Inner Flame           Hex/Fire       45%        N/A       2%          3

Your spell library contained the following spells:

 Spells                   Type           Power      Damage    Failure   Level
 Kiss of Death            Conj/Necr      80%        2d11      4%          1
 Confusing Touch          Hex            31%        N/A       7%          3
 Flame Wave               Conj/Fire      45%        2d12      8%          4
 Kindle Blastsparks       Fire/Tloc/Air  42%        2d13      14%         3
 Beastly Appendage        Tmut           4%         N/A       19%         1
 Cigotuvi's Dreadful Rot  Necr/Pois/Air  8%         N/A       22%         2
 Poisonous Vapours        Pois/Air       4%         N/A       26%         2
 Wereblood                Tmut           2%         N/A       26%         2
 Mephitic Cloud           Conj/Pois/Air  11%        N/A       26%         3
 Ozocubu's Armour         Ice            2%         N/A       47%         3
 Spider Form              Tmut/Pois      2%         N/A       47%         3
 Dispel Undead            Necr           10%        3d9       67%         4
 Metabolic Englaciation   Hex/Ice        8%         N/A       86%         5
 Simulacrum               Ice/Necr       3%         N/A       100%        6


Dungeon Overview and Level Annotations

Branches:
Dungeon (6/15)
 Temple: D:4-7

Altars:
Ashenzari
Qazlal


Message History

You feel a surge of power!
There is not enough space to conjure foxfire!
You feel a surge of power!
There is not enough space to conjure foxfire!
Casting: Foxfire (safe; 1% risk of failure)
Confirm with . or Enter, or press ? or * to list all spells.
You feel a surge of power!
Flames lash the orc.
The orc is burned terribly!
You kill the orc!
The foxfire hits the electric eel but does no damage.
The wight hits you from afar with a +1 spear of flaming.
The wight burns you.
The electric eel is engulfed in a cloud of scalding steam.
Your foxfire dissipates!
There is a stone staircase leading up, spattered with blood here.
The wight hits you but does no damage.
You climb upwards.
There is a stone staircase leading down, spattered with blood here.
Magic restored.
HP restored.
Done exploring.
You climb downwards.
The wight barely misses you.
The electric eel shoots out a bolt of lightning at you!
The bolt of electricity hits the wight.
The bolt of electricity misses you. The bolt of electricity hits you!
The wight hits you with a +1 spear of flaming!
You feel drained. The wight burns you.
The electric eel shoots out a bolt of lightning at you!
The bolt of electricity hits the wight!
The bolt of electricity hits you! x2
There is a stone staircase leading up, spattered with blood here.
The wight hits you with a +1 spear of flaming.
* * * LOW HITPOINT WARNING * * *
The wight burns you.
* * * LOW HITPOINT WARNING * * *
The electric eel shoots out a bolt of lightning at you!
The bolt of electricity hits the wight.
The wight is destroyed!
The bolt of electricity hits you.
* * * LOW HITPOINT WARNING * * *
The bolt of electricity hits you!
You die...

.~. .≈≈ ~≈♣
## ~≈♣ .
#.# ~≈♣♣♣≈.
#.##.§≈≈≈≈.
#@#§~~..~.
##)~S≈≈≈≈.
##[≈♣♣♣≈~
)≈♣ ~≈♣ ~≈≈
[.~. ####.
.#


You could see an electric eel.

Vanquished Creatures
  Pikel (D:3)
  Eustachio (D:4)
  Menkaure (D:4)
  An orc warrior (D:5)
  A black bear (D:5)
  An ogre (D:5)
  A gnoll sergeant (D:5)
  A necrophage (D:5)
  2 scorpions
  4 wights (D:5)
  A howler monkey (D:4)
  An orc priest (D:5)
  4 hounds (D:5)
  Jessica (D:3)
  An iguana (D:5)
  An orc wizard (D:4)
  Natasha (thrice) (D:4)
  7 gnolls
  Robin (D:4)
  9 adders
  An ufetubus (D:3)
  2 dart slugs
  A worm (D:4)
  9 orcs
  9 endoplasms
  5 giant cockroaches
  15 goblins
  14 hobgoblins
  7 jackals
  14 kobolds
  2 quokkas (D:4)
  12 ball pythons
  7 bats
  4 frilled lizards
  4 rats
149 creatures vanquished.

Vanquished Creatures (others)
  A wight (D:6)
  619 foxfires
620 creatures vanquished.

Grand Total: 769 creatures vanquished

Notes
Turn   | Place    | Note
-------+----------+-------------------------------------------
     0 | D:1      | Crownlay the Hill Orc Fire Elementalist began the quest for
                  | the Orb.
     0 | D:1      | Reached XP level 1. HP: 14/14 MP: 3/3
   152 | D:1      | Reached XP level 2. HP: 20/20 MP: 0/4
   229 | D:1      | Reached skill level 4 in Fire Magic
   692 | D:1      | Reached XP level 3. HP: 26/26 MP: 3/5
   702 | D:1      | Learned a level 2 spell: Scorch
  1579 | D:2      | Reached skill level 5 in Fire Magic
  1671 | D:2      | Reached XP level 4. HP: 33/33 MP: 3/6
  2155 | D:2      | Learned a level 3 spell: Inner Flame
  2875 | D:3      | Reached XP level 5. HP: 32/38 MP: 2/7
  3043 | D:3      | Reached skill level 1 in Hexes
  3109 | D:3      | Reached skill level 6 in Fire Magic
  3115 | D:3      | HP: 1/38 [poisoned by a scorpion]
  3515 | D:3      | Noticed Jessica
  3520 | D:3      | Killed Jessica
  3645 | D:4      | Reached XP level 6. HP: 45/45 MP: 4/8
  3771 | D:4      | Noticed Robin
  3850 | D:4      | Killed Robin
  4263 | D:4      | Noticed Menkaure
  4278 | D:4      | Killed Menkaure
  4279 | D:4      | Reached skill level 7 in Fire Magic
  4279 | D:4      | Reached XP level 7. HP: 5/50 MP: 6/9
  4352 | D:4      | Noticed Natasha
  4362 | D:4      | Killed Natasha
  4538 | D:4      | Noticed Eustachio
  4551 | D:4      | Killed Eustachio
  4641 | D:4      | Found a broken altar of Ashenzari.
  4811 | D:4      | Noticed Pikel
  4867 | D:3      | Killed Pikel
  4868 | D:3      | Reached skill level 9 in Fire Magic
  4868 | D:3      | Reached XP level 8. HP: 15/57 MP: 0/10
  5283 | D:4      | Noticed Natasha
  5288 | D:4      | Killed Natasha
  5345 | D:4      | Noticed Natasha
  5348 | D:4      | Killed Natasha
  5410 | D:5      | Entered Level 5 of the Dungeon
  5481 | D:5      | Found a stormy altar of Qazlal.
  5683 | D:5      | Reached skill level 1 in Fighting
  5807 | D:4      | Reached skill level 10 in Fire Magic
  5957 | D:5      | Reached XP level 9. HP: 67/67 MP: 4/11
  6650 | D:5      | Reached skill level 5 in Hexes
  6650 | D:5      | Reached skill level 1 in Necromancy
  6842 | D:5      | Reached skill level 5 in Conjurations
  7038 | D:6      | Killed from afar by an electric eel

Illustrated notes

Levels and vault maps discovered:
D:1:      dpeg_arrival_tiny_j, layout_basic, chequers_serial_rivers_small_3
D:2:      layout_rooms
D:3:      minmay_diamond_boxcup, layout_loops_corners, minmay_misc_feat_pillars,
          uniq_jessica
D:4:      layout_cave_pools, nicolae_ashenzari_skybound,
          minmay_goblin_kobold_house, uniq_natasha, uniq_pikel, uniq_menkaure,
          uniq_eustachio, uniq_robin
D:5:      layout_rooms, kennysheep_mini_moat, minmay_misc_feat_diagonals
D:6:      layout_loops_ring, gammafunk_ghost_cemetery, minmay_misc_feat_plants,
          corner_web_ring, kennysheep_boxes

Skill      XL: |  1  2  3  4  5  6  7  8  9 |
---------------+----------------------------+-----
Fire Magic     | 4 5 6 7 9 10 | 10.0
Hexes          | 1 2 4 5 |  5.1
Conjurations   | 2 4 5 |  5.0
Fighting       | 2 3 |  3.4
Necromancy     | 1 |  1.4
Dodging        | |  1.5
Stealth        | |  1.5
Spellcasting   | |  1.5

Action                     |  1- 3 |  4- 6 |  7- 9 || total
---------------------------+-------+-------+-------++-------
  Melee: Falchion          |     6 |       |       ||     6
         Unarmed           |     3 |       |       ||     3
         Dagger            |    23 |    24 |    32 ||    79
   Cast: Foxfire           |    80 |   137 |   147 ||   364
         Scorch            |       |       |    16 ||    16
    Use: Scroll            |       |     3 |     9 ||    12
         Potion            |       |     1 |     5 ||     6
   Stab: Sleeping          |       |     3 |       ||     3
 Armour: Robe              |     9 |     9 |    21 ||    39
         Skin              |       |       |     8 ||     8
  Dodge: Dodged            |    27 |    29 |    60 ||   116

Table legend: (Time is in decaauts)
 A = Elapsed time spent in this place.
 B = Non-inter-level travel time spent in this place.
 C = Inter-level travel time spent in this place.
 D = Time resting spent in this place.
 E = Time spent auto-exploring this place.
 F = Levels seen in this place.
 G = Mean time per level.
                   A        B        C        D        E       F      G
               +--------+--------+--------+--------+--------+-----+--------+
         Total |   7069 |   6950 |    119 |      0 |   5946 |   6 | 1178.2 |
       Dungeon |   7069 |   6950 |    119 |      0 |   5946 |   6 | 1178.2 |
               +--------+--------+--------+--------+--------+-----+--------+

Top non-repeatable levels by time:
     D:3: 1809 daAuts
     D:4: 1547 daAuts
     D:5: 1513 daAuts
     D:2: 1249 daAuts
     D:1: 917 daAuts
     D:6: 31 daAuts
